 Dungeon Crawl Stone Soup version 0.31-a0-232-gb1c03b2570 (webtiles) character file.

Game seed: 14302255816396645880

214 qw the Shooter (level 5, 0/30 HPs)
             Began as a Gargoyle Hexslinger on July 7, 2023.
             Slain by an orc wizard
             ... wielding a +2 dagger of flaming
              (5 damage)
             ... on level 4 of the Dungeon.
             The game lasted 00:01:12 (2892 turns).

qw the Shooter (Gargoyle Hexslinger)                Turns: 2892, Time: 00:01:12

Health: 0/30       AC: 12    Str: 12    XL:     5   Next: 92%
Magic:  6/6        EV: 10    Int: 13    God:
Gold:   164        SH:  0    Dex: 14    Spells: 5/6 levels left

rFire   . . .        Y - +1 sling
rCold   . . .        (no shield)
rNeg    + . .        j - +0 ring mail
rPois   inf          c - +2 hat
rElec   +            (no cloak)
rCorr   .            (no gloves)
SInv    .            e - +0 pair of boots
Will    .....        (no amulet)
Stlth   +            (no ring)
HPRegen 0.25/turn    (no ring)
MPRegen 0.10/turn

%: no passive effects
@: about to teleport
A: sickness immunity, AC +4, negative energy resistance 1, electricity
resistance, torment resistance 1, petrification resistance
a: no special abilities


You were on level 4 of the Dungeon.
You visited 1 branch of the dungeon, and saw 4 of its levels.

You collected 188 gold pieces.
You spent 24 gold pieces at shops.


Innate Abilities, Weirdness & Mutations

You are immune to sickness and miasma.
Your stone body is resilient. (AC +4)
You are immune to poison.
You resist negative energy. (rN+)
You are resistant to electric shocks. (rElec)
You are resistant to unholy torment.
You are immune to petrification.


   Skills:
 + Level 2.1 Fighting
 - Level 5.5 Ranged Weapons
 - Level 1.0 Armour
 - Level 1.5 Dodging
 - Level 1.0 Spellcasting
 - Level 2.6 Hexes


You had 5 spell levels left.
You knew the following spells:

 Your Spells              Type           Power      Damage    Failure   Level
a - Slow                  Hex            28%        N/A       22%         1

Your spell library contained the following spells:

 Spells                   Type           Power      Damage    Failure   Level
 Inner Flame              Hex/Fire       4%         N/A       73%         3
 Portal Projectile        Hex/Tloc       8%         N/A       73%         3
 Cause Fear               Hex            3%         N/A       91%         4

Inventory:

Hand Weapons
 Y - a +1 sling (weapon)
Armour
 c - a +2 hat (worn)
 e - a +0 pair of boots (worn)
 j - a +0 ring mail (worn)
Scrolls
 a - a scroll of teleportation
 i - a scroll of identify
 o - a scroll of immolation {unknown}
Potions
 b - a potion of haste
 d - a potion of ambrosia {unknown}
 f - a potion of berserk rage {unknown}
 g - a potion of cancellation
 h - 2 potions of enlightenment {unknown}
 k - a potion of curing
 l - a potion of brilliance {unknown}
 m - a potion of heal wounds
 n - a potion of might {unknown}
 p - a potion of invisibility {unknown}

Dungeon Overview and Level Annotations

Branches:
Dungeon (4/15)
 Temple: D:4-7

Altars:
Dithmenos

Shops:
D:3 [(?(*

Annotations:
D:4 1 runed translucent door, Crazy Yiuf


Message History

The sling bullet hits the orc wizard but does no damage.
The orc wizard is severely wounded.
The orc priest calls upon Beogh to heal the orc wizard.
The orc wizard is healed somewhat.
The orc wizard hits you but does no damage. x2
The orc priest calls upon Beogh to heal the orc wizard.
The orc wizard's wounds heal themselves!
You shoot a sling bullet.
The sling bullet hits the orc priest but does no damage.
The orc priest closely misses you. The orc wizard barely misses you.
You shoot a sling bullet.
The sling bullet closely misses the orc priest.
The orc priest calls down the wrath of Beogh upon you.
Pain shoots through your body! The orc wizard barely misses you.
You shoot a sling bullet.
The sling bullet hits the orc priest but does no damage.
The orc priest hits you but does no damage.
The orc wizard hits you but does no damage.
You shoot a sling bullet.
The sling bullet closely misses the orc priest.
The orc priest closely misses you.
The orc wizard hits you with a +2 dagger of flaming.
The orc wizard burns you.
The orc wizard hits you but does no damage.
The orc priest invokes the aid of Beogh against you.
Pain shoots through your body!
You shoot a sling bullet.
The sling bullet barely misses the orc priest.
The orc priest barely misses you. The orc wizard completely misses you.
You shoot a sling bullet.
The sling bullet hits the orc priest but does no damage.
The orc priest closely misses you.
The orc wizard hits you with a +2 dagger of flaming.
The orc wizard burns you.
2892 ||| READING 2 scrolls of teleportation.
As you read the scroll of teleportation, it crumbles to dust.
You feel strangely unstable. The orc priest barely misses you.
The orc wizard hits you with a +2 dagger of flaming.
You die...

.# #.##)##.#.#.# .###
#.##.##.#.#.# ##### ...#
#.....#.#.#.#####...####
##.#
####.......#......#....!
#.#
##.#.###.#####...####
#.# #.#.# #.# #..## #.#
#.#.# #.# #.## ## #.#
#####.#o###.# #.# #. #.#
.....)o@....# #.# #. #.#
####..####### #.# #. #.#
#..# #.# #. #.### #..#
#.# #. #...# #..# #.# #.
###.# #..# #######.# #.
#.#.# #..#####.......#
#/ #.#.#
#........####### #.
#.#.# #.######## #.


You could see an orc priest and an orc wizard.

Vanquished Creatures
  Edmund (D:4)
  4 adders
  A worm (D:2)
  A dart slug (D:2)
  2 orcs
  6 ball pythons
  5 endoplasms
  4 giant cockroaches
  7 hobgoblins
  A jackal (D:1)
  2 quokkas (D:3)
  3 frilled lizards
  11 goblins
  5 kobolds
  6 rats (D:2)
59 creatures vanquished.

Notes
Turn   | Place    | Note
-------+----------+-------------------------------------------
     0 | D:1      | qw the Gargoyle Hexslinger began the quest for the Orb.
     0 | D:1      | Reached XP level 1. HP: 12/12 MP: 2/2
     0 | D:1      | 0 ||| qw: Version: 0.3-a-46-gb1f654a
     0 | D:1      | 0 ||| qw: Game counter: 2186
     0 | D:1      | 0 ||| qw: Melee chars always use a shield: true
     0 | D:1      | 0 ||| qw: God list: Okawaru
     0 | D:1      | 0 ||| qw: Allow faded altars: false
     0 | D:1      | 0 ||| qw: Do Orc after clearing Dungeon:15 true
     0 | D:1      | 0 ||| qw: Do second Lair branch before Depths: true
     0 | D:1      | 0 ||| qw: Lair rune preference: random
     0 | D:1      | 0 ||| qw: Goals: Normal
     0 | D:1      | 0 ||| PLANNING D:1-11
   211 | D:1      | Reached XP level 2. HP: 16/16 MP: 3/3
   530 | D:1      | 530 ||| UPGRADING to +0 leather armour.
   540 | D:1      | 540 ||| DROPPING +0 robe.
   541 | D:1      | 541 ||| UPGRADING to +0 ring mail.
   551 | D:1      | 551 ||| DROPPING +0 leather armour.
   552 | D:1      | 552 ||| READING 2 scrolls labelled UCKAYH XOFURR.
   556 | D:1      | 556 ||| READING scroll labelled GEWUEPTIOPT.
   557 | D:1      | 557 ||| DROPPING scroll of poison.
   660 | D:2      | Reached skill level 3 in Ranged Weapons
   820 | D:2      | Reached XP level 3. HP: 21/21 MP: 4/4
  1382 | D:2      | 1382 ||| UPGRADING to +0 pair of boots.
  1387 | D:2      | 1387 ||| DROPPING ring of wizardry.
  1388 | D:2      | 1388 ||| READING scroll labelled FUTO KOMU.
  1389 | D:2      | 1389 ||| READING scroll labelled AHUTWOTYR.
  1390 | D:2      | 1390 ||| READING 2 scrolls labelled LEDIAME YLAB.
  1391 | D:2      | 1391 ||| READING scroll labelled KESMUCL IHOPIM.
  1392 | D:2      | 1392 ||| DRINKING 2 silvery potions.
  1393 | D:2      | 1393 ||| DROPPING scroll of blinking.
  1469 | D:3      | Found Alozucw's Antique Armour Boutique.
  1477 | D:3      | 1477 ||| SHOPLISTING shimmering robe (125 gold, have 116).
  1557 | D:3      | Found Wigown's Weapon Emporium.
  1584 | D:3      | Found Nush's Magic Scroll Shop.
  1595 | D:3      | 1595 ||| BUYING scroll of identify (24 gold).
  1595 | D:3      | Bought a scroll of identify for 24 gold pieces
  1620 | D:3      | Found Gitrangei's General Store.
  1626 | D:3      | 1626 ||| SHOPLISTING +1 shortbow of draining (173 gold,
                  | have 102).
  1626 | D:3      | 1626 ||| SHOPLISTING potion of haste (140 gold, have 102).
  1626 | D:3      | 1626 ||| SHOPLISTING scroll of acquirement (728 gold, have
                  | 102).
  1634 | D:3      | Reached XP level 4. HP: 26/26 MP: 5/5
  1652 | D:3      | Reached skill level 1 in Armour
  1665 | D:3      | Found a shadowy altar of Dithmenos.
  1941 | D:3      | Found Veuhiy's Weapon Boutique.
  1949 | D:3      | 1949 ||| SHOPLISTING +2 sling of freezing (147 gold, have
                  | 126).
  1949 | D:3      | 1949 ||| SHOPLISTING +5 sling of the Sun {flame, Dex+4}
                  | (431 gold, have 126).
  2104 | D:3      | 2104 ||| UPGRADING to +2 hat.
  2109 | D:3      | 2109 ||| READING 3 scrolls labelled IGIUCSILUK.
  2110 | D:3      | 2110 ||| READING scroll labelled NYMIOR XIGEI.
  2111 | D:3      | 2111 ||| DRINKING 2 yellow potions.
  2112 | D:3      | 2112 ||| DRINKING 2 bubbling blue potions.
  2113 | D:3      | 2113 ||| READING 3 scrolls of identify.
  2113 | D:3      | 2113 ||| IDENTIFYING white potion
  2114 | D:3      | 2114 ||| READING 2 scrolls of identify.
  2114 | D:3      | 2114 ||| IDENTIFYING fizzy yellow potion
  2115 | D:3      | 2115 ||| DROPPING potion of attraction.
  2116 | D:3      | 2116 ||| DROPPING 2 scrolls of amnesia.
  2216 | D:4      | Reached skill level 4 in Ranged Weapons
  2504 | D:4      | Noticed Edmund
  2520 | D:4      | Killed Edmund
  2521 | D:4      | Reached skill level 5 in Ranged Weapons
  2521 | D:4      | Reached XP level 5. HP: 27/30 MP: 6/6
  2634 | D:4      | Found a runed translucent door.
  2635 | D:4      | Noticed Crazy Yiuf
  2881 | D:4      | 2881 ||| DRINKING 2 potions of curing.
  2881 | D:4      | 2881 ||| (to cure confusion)
  2891 | D:4      | HP: 6/30 [orc wizard/+2 dagger of flaming (4)]
  2892 | D:4      | 2892 ||| READING 2 scrolls of teleportation.
  2892 | D:4      | Slain by an orc wizard

Levels and vault maps discovered:
D:1:      dpeg_arrival_brainrot, layout_basic
D:2:      layout_basic
D:3:      layout_basic, nicolae_dithmenos_shadow_blocks, serial_shops, shop,
          nicolae_shop_peninsula, nicolae_shop_rolling_square,
          nicolae_shop_trees, shop
D:4:      layout_loops_ring, uniq_edmund, uniq_crazy_yiuf_cottage

Skill      XL: |  1  2  3  4 |
---------------+-------------+-----
Ranged Weapons | 3 5 |  5.5
Fighting       | 2 |  2.1
Armour         | 1 |  1.0
Dodging        | |  1.5
Spellcasting   | |  1.0
Hexes          | |  2.6

Action                     |  1- 3 |  4- 6 || total
---------------------------+-------+-------++-------
  Melee: Unarmed           |       |     9 ||     9
   Fire: Sling             |   125 |   114 ||   239
    Use: Scroll            |     6 |     5 ||    11
         Potion            |     1 |     3 ||     4
   Stab: Confused          |       |     2 ||     2
 Armour: Ring mail         |    33 |    47 ||    80
  Dodge: Dodged            |    33 |    48 ||    81

Table legend:
 A = Non-vault XP
 B = Vault XP
 C = Vault XP percentage of total XP
 D = Non-vault monster count
 E = Vault monster count
 F = Vault count percentage of total count
                 A         B        C        D         E       F
            +---------+---------+-------+---------+---------+-------
      Total |     147 |     160 |  52.1 |      57 |       2 |   3.4
            +---------+---------+-------+---------+---------+-------
        D:1 |      14 |       2 |  12.5 |       9 |       1 |  10.0
        D:2 |      56 |       0 |   0.0 |      19 |       0 |   0.0
        D:3 |      27 |       0 |   0.0 |      14 |       0 |   0.0
        D:4 |      50 |     158 |  76.0 |      15 |       1 |   6.2
            +---------+---------+-------+---------+---------+-------
